 Dungeon Crawl Stone Soup version 0.30-a0-165-g1891117ce2 (webtiles) character file.

Game seed: 8190153857842634502

2977 funkygono the Geomancer (level 9, -5/47 HPs)
             Began as a Gargoyle Earth Elementalist on Sept 28, 2022.
             Was an Initiate of Vehumet.
             Slain by a troll (14 damage)
             ... on level 7 of the Dungeon.
             The game lasted 00:10:37 (6731 turns).

funkygono the Geomancer (GrEE)                      Turns: 6731, Time: 00:10:38

Health: -5/47      AC: 13    Str: 19    XL:     9   Next: 82%
Magic:  21/21      EV: 12    Int: 19    God:    Vehumet [......]
Gold:   78         SH:  5    Dex: 10    Spells: 19/25 levels left

rFire   . . .      SeeInvis .    E - +2 demon whip (venom)
rCold   + . .      Faith    .    (no shield)
rNeg    + . .      Spirit   .    r - +1 robe {Archmagi}
rPois   ∞          Reflect  +    D - +0 hat of Responsibility {rC+ Stlth+}
rElec   +          Harm     .    (no cloak)
rCorr   .          Rampage  .    l - +1 pair of gloves
Will    .....      Archmagi +    f - +1 pair of boots
Stlth   +++.......               t - amulet of reflection
HPRegen 0.15/turn                g - +6 ring of strength
MPRegen 0.17/turn                u - +4 ring of slaying

@: no status effects
A: sickness immunity, AC +6, negative energy resistance 1, electricity
resistance, torment resistance 1, petrification resistance
a: Renounce Religion


You were on level 7 of the Dungeon.
You worshipped Vehumet.
Vehumet was noncommittal.
You visited 2 branches of the dungeon, and saw 8 of its levels.

You collected 267 gold pieces.
You spent 189 gold pieces at shops.

Inventory:

Hand Weapons
 d - a +0 club
 e - a +3 vorpal whip
 j - a +0 whip of chaos
 E - a +2 demon whip of venom (weapon)
Missiles
 A - 2 throwing nets
Armour
 a - a +0 robe
 f - a +1 pair of boots (worn)
 l - a +1 pair of gloves (worn)
 r - a +1 robe of the Archmagi (worn)
 D - the +0 hat of Responsibility (worn) {rC+ Stlth+}
   (You bought it in a shop on level 3 of the Dungeon)

   rC:        It protects you from cold.
   Stlth:     It makes you more stealthy.
 G - +0 steam dragon scales
Jewellery
 g - a +6 ring of strength (left hand)
 t - an amulet of reflection (around neck)
 u - a +4 ring of slaying (right hand)
 B - a ring of protection from fire
Wands
 n - a wand of flame (32)
 q - a wand of digging (16)
Scrolls
 c - 2 scrolls of butterflies
 h - 4 scrolls of teleportation
 k - 2 scrolls of fear
 p - a scroll of poison
 y - a scroll of enchant weapon
 z - a scroll of magic mapping
 F - 3 scrolls of enchant armour
Potions
 i - a potion of berserk rage
 m - 3 potions of brilliance {unknown}
 o - a potion of invisibility
 s - 3 potions of heal wounds {unknown}
 v - a potion of flight {unknown}
 w - 2 potions of curing {unknown}
 x - a potion of attraction {unknown}
 C - 2 potions of lignification {unknown}
 H - a potion of might {unknown}


   Skills:
 + Level 1.3 Fighting
 + Level 3.0 Maces & Flails
 + Level 2.2 Dodging
 - Level 2.1 Stealth
 + Level 1.5 Shields
 + Level 8.7 Spellcasting
 + Level 0.7 Transmutations
 + Level 10.8 Earth Magic


You had 19 spell levels left.
You knew the following spells:

 Your Spells              Type           Power      Damage    Failure   Level
a - Sandblast             Erth           100%       2d20      1%          1
b - Passwall              Tmut/Erth      37%        N/A       1%          2
c - Stone Arrow           Conj/Erth      86%        3d12      2%          3

Your spell library contained the following spells:

 Spells                   Type           Power      Damage    Failure   Level
 Petrify                  Tmut/Erth      45%        N/A       8%          4
 Poisonous Vapours        Pois/Air       24%        N/A       13%         2
 Borgnjor's Vile Clutch   Necr/Erth      21%        N/A       26%         5
 Alistair's Intoxication  Tmut/Pois      9%         N/A       90%         5
 Eringya's Noxious Bog    Tmut/Pois      7%         N/A       100%        6
 Cigotuvi's Dreadful Rot  Necr/Pois/Air  Unusable   N/A       N/A         2

Dungeon Overview and Level Annotations

Branches:
Dungeon (7/15)             Temple (1/1) D:6

Altars:
Ashenzari
Cheibriados
Dithmenos
Elyvilon
Gozag
Hepliaklqana
Kikubaaqudgha
Makhleb
Nemelex Xobeh
Okawaru
Qazlal
Ru
Sif Muna
Trog
Uskayaw
Vehumet
Wu Jian
Xom
Yredelemnul
Zin
The Shining One

Shops:
D:3 (*


Innate Abilities, Weirdness & Mutations

You are immune to sickness and miasma.
Your stone body is resilient. (AC +6)
You are immune to poison.
You resist negative energy. (rN+)
You are resistant to electric shocks. (rElec)
You are resistant to unholy torment.
You are immune to petrification.


Message History

You feel a surge of power!
The blast of sand hits the troll but does no damage.
Casting: Sandblast (safe; 1% risk of failure)
Confirm with . or Enter, or press ? or * to list all spells.
Aiming: Sandblast (safe; 1% risk of failure)
Press: ? - help, Shift-Dir - straight line, f/p - troll
Aim: a troll (85% to hit)
You feel a surge of power!
The blast of sand misses the troll.
The troll barely misses you. The troll claws you but does no damage.
The troll claws you. The troll bites you. You block the troll's attack.
The troll claws you.
You barely miss the troll. The troll closely misses you.
The troll claws you but does no damage. x2
Casting: Sandblast (safe; 1% risk of failure)
Confirm with . or Enter, or press ? or * to list all spells.
Aiming: Sandblast (safe; 1% risk of failure)
Press: ? - help, Shift-Dir - straight line, f/p - troll
Aim: a troll (85% to hit)
You feel a surge of power!
The blast of sand hits the troll!
The troll is lightly wounded.
The troll bites you! The troll claws you but does no damage.
You block the troll's attack.
You hit the troll.
The troll is moderately wounded.
You block the troll's attack. The troll closely misses you.
The troll claws you!
* * * LOW HITPOINT WARNING * * *
Casting: Sandblast (safe; 1% risk of failure)
Confirm with . or Enter, or press ? or * to list all spells.
Aiming: Sandblast (safe; 1% risk of failure)
Press: ? - help, Shift-Dir - straight line, f/p - troll
Aim: a troll (lightly wounded, 85% to hit)
You feel a surge of power!
The blast of sand hits the troll but does no damage.
The troll is lightly wounded.
The troll bites you but does no damage. The troll barely misses you.
The troll claws you.
* * * LOW HITPOINT WARNING * * *
Magic courses through your body. The troll bites you!
You die...

##...####.....#
###........#.#
##..####...###
#.##.:##....### #.#..(
#..#†..# #.#?.[ #....#.##
# #.##!W ####....####.###
##..##T###)##...........
##.#####@'...#.##.....###
##.##...)###[##.##.#####
#..#..?..#.#'#..##.#
#..#..)..#.....###.#
#..#.....#...### #.#
#..##..(##.### #.#
#...#####.## #†#
##.#.....## #.# #..##.###
#.#


You could see a troll and a phantom.

Vanquished Creatures
  Sigmund (D:3)
  2 steam dragons (D:7)
  Menkaure (D:5)
  2 water moccasins
  2 sky beasts (D:7)
  2 ogres
  2 centaurs (D:7)
  3 phantoms
  A bullfrog (D:6)
  Blork the orc (D:5)
  5 scorpions
  2 necrophages
  A wight (D:7)
  5 killer bees (D:7)
  5 jellies
  5 hounds
  6 iguanas
  3 orc wizards
  4 gnolls
  3 adders
  A shadow imp (D:6)
  3 white imps
  A worm (D:2)
  3 dart slugs
  4 orcs (D:5)
  3 bats
  5 endoplasms
  8 giant cockroaches
  4 hobgoblins
  4 jackals
  5 quokkas
  10 ball pythons
  A frilled lizard (D:3)
  6 goblins
  6 kobolds
  7 rats
127 creatures vanquished.

Notes
Turn   | Place    | Note
-------+----------+-------------------------------------------
     0 | D:1      | funkygono the Gargoyle Earth Elementalist began the quest
                  | for the Orb.
     0 | D:1      | Reached XP level 1. HP: 10/10 MP: 3/3
    44 | D:1      | Found a faded altar of an unknown god.
   523 | D:1      | Reached XP level 2. HP: 8/15 MP: 0/5
   652 | D:1      | Learned a level 2 spell: Passwall
  1068 | D:1      | Reached skill level 4 in Earth Magic
  1657 | D:2      | Reached XP level 3. HP: 19/19 MP: 5/7
  1661 | D:2      | Learned a level 3 spell: Stone Arrow
  2448 | D:3      | Found Gitaacob's Antique Weapon Shoppe.
  2591 | D:3      | Reached XP level 4. HP: 24/24 MP: 6/8
  2790 | D:3      | Noticed Sigmund
  2796 | D:3      | Killed Sigmund
  2797 | D:3      | Reached skill level 1 in Maces & Flails
  2797 | D:3      | Reached skill level 5 in Earth Magic
  2797 | D:3      | Reached XP level 5. HP: 15/28 MP: 3/11
  2797 | D:3      | Reached XP level 6. HP: 18/33 MP: 3/12
  2970 | D:3      | Found Dimmeahuu's Assorted Antiques.
  3434 | D:4      | Reached skill level 6 in Earth Magic
  3641 | D:4      | You fall into a shaft and drop 1 floor!
  3641 | D:5      | Entered Level 5 of the Dungeon
  4015 | D:4      | Reached XP level 7. HP: 31/37 MP: 12/14
  4246 | D:4      | Reached skill level 5 in Spellcasting
  4509 | D:5      | Noticed Blork the orc
  4511 | D:5      | Killed Blork the orc
  4548 | D:5      | Reached skill level 7 in Earth Magic
  4629 | D:5      | Reached skill level 1 in Fighting
  4665 | D:5      | Found a broken altar of Ashenzari.
  4689 | D:5      | Noticed Menkaure
  4698 | D:5      | Killed Menkaure
  4721 | D:5      | Reached XP level 8. HP: 38/43 MP: 9/17
  4856 | D:5      | Reached skill level 8 in Earth Magic
  5217 | D:6      | Reached skill level 9 in Earth Magic
  5369 | D:6      | Reached XP level 9. HP: 47/47 MP: 18/20
  5428 | D:6      | Found a staircase to the Ecumenical Temple.
  5452 | D:6      | Reached skill level 1 in Shields
  5474 | Temple   | Entered the Ecumenical Temple
  5738 | Temple   | Became a worshipper of Vehumet
  5994 | D:3      | Bought a shimmering hat for 189 gold pieces
  5994 | D:3      | Identified the +0 hat of Responsibility {rC+ Stlth+} (You
                  | bought it in a shop on level 3 of the Dungeon)
  6213 | D:7      | Reached skill level 10 in Earth Magic
  6724 | D:7      | Noticed a troll
  6731 | D:7      | Slain by a troll

Illustrated notes

Levels and vault maps discovered:
D:1:      dpeg_arrival_prison, layout_basic, basic_ecumenical_altar,
          serial_park_tiny_2, minmay_misc_feat_x, minmay_misc_feat_cross,
          nicolae_titane
D:2:      layout_loops_ring, serial_forest, infiniplex_forest_clump_double,
          infiniplex_forest_diagonal, infiniplex_forest_zigzag_2,
          infiniplex_forest_straight_2, infiniplex_forest_diagonal,
          infiniplex_forest_lined_1, grunt_ministairs_12,
          kennysheep_generic_room_12
D:3:      layout_basic, serial_shops, shop, nicolae_shop_behind_doors,
          serial_rivers, chequers_serial_rivers_micro_c,
          chequers_serial_rivers_micro_a, chequers_serial_rivers_small_b,
          chequers_serial_rivers_marsh, chequers_serial_rivers_micro_e,
          minmay_misc_feat_diagonals, uniq_sigmund
D:4:      layout_loops_corners, kennysheep_generic_room_7
D:5:      layout_cave_pools, ashenzari_altar_1, uniq_menkaure,
          uniq_blork_the_orc
D:6:      layout_rooms, temple_pool_b
D:7:      layout_loops_ring, minmay_joined_circles
Temple:   mainiacjoe_temple_cubbyholes

Skill      XL: |  1  2  3  4  5  6  7  8  9 |
---------------+----------------------------+-----
Earth Magic    | 4 5 6 7 9 10 | 10.8
Spellcasting   | 3 4 6 7 8 |  8.7
Maces & Flails | 1 3 |  3.0
Fighting       | 1 |  1.3
Dodging        | 2 |  2.2
Shields        | 1 |  1.5
Stealth        | |  2.1
Transmutations | |  0.7

Action                   |  1- 3 |  4- 6 |  7- 9 || total
-------------------------+-------+-------+-------++-------
Melee: Club              |    18 |       |       ||    18
       Whip              |     7 |     6 |    21 ||    34
       Demon whip        |       |       |    16 ||    16
 Cast: Sandblast         |    59 |    32 |    95 ||   186
  Use: Scroll            |     5 |     4 |     6 ||    15
       Potion            |       |       |     1 ||     1
Armor: Robe              |    14 |     7 |    29 ||    50
Dodge: Dodged            |    23 |     5 |    35 ||    63
Block: Other             |       |       |    18 ||    18
       Reflection        |       |       |     1 ||     1

Table legend: (Time is in decaauts)
 A = Elapsed time spent in this place.
 B = Non-inter-level travel time spent in this place.
 C = Inter-level travel time spent in this place.
 D = Time resting spent in this place.
 E = Time spent auto-exploring this place.
 F = Levels seen in this place.
 G = Mean time per level.
                   A        B        C        D        E       F      G
               +--------+--------+--------+--------+--------+-----+--------+
         Total |   6836 |   6515 |    321 |    119 |   5508 |   8 |  854.5 |
       Dungeon |   6472 |   6205 |    267 |    119 |   5210 |   7 |  924.6 |
        Temple |    363 |    310 |     53 |      0 |    298 |   1 |  363.0 |
               +--------+--------+--------+--------+--------+-----+--------+

Top non-repeatable levels by time:
     D:1: 1471 daAuts
     D:4: 1154 daAuts
     D:2: 990 daAuts
     D:3: 968 daAuts
     D:5: 735 daAuts
     D:7: 683 daAuts
     D:6: 467 daAuts
  Temple: 363 daAuts
